 Dungeon Crawl Stone Soup version 0.30.1-4-g462c640d31 (webtiles) character file.

Game seed: 10004057409717071982

301 Babbit the Covered (level 6, -7/55 HPs)
             Began as a Minotaur Fighter on Aug 25, 2023.
             Was an Initiate of Okawaru.
             Mangled by Edmund
             ... wielding a +3 dire flail of holy wrath
              (10 damage)
             ... on level 4 of the Dungeon.
             The game lasted 00:09:03 (2184 turns).

Babbit the Covered (Minotaur Fighter)               Turns: 2184, Time: 00:09:03

Health: -7/55      AC:  8    Str: 23    XL:     6   Next: 14%
Magic:  5/5        EV: 10    Int:  5    God:    Okawaru [......]
Gold:   96         SH:  4    Dex:  9    Spells: 5/5 levels left

rFire   . . .        a - +0 war axe
rCold   + . .        c - +0 buckler
rNeg    . . .        b - +0 scale mail
rPois   .            (helmet restricted)
rElec   .            (no cloak)
rCorr   .            q - +0 pair of gloves
SInv    .            (no boots)
Will    .....        (no amulet) Stlth
                     e - ring of protection from cold
HPRegen 0.29/turn    (no ring)
MPRegen 0.09/turn

%: no passive effects
@: mighty
A: horns 2, retaliatory headbutt
a: Renounce Religion


You were on level 4 of the Dungeon.
You worshipped Okawaru.
Okawaru was noncommittal.
You visited 1 branch of the dungeon, and saw 4 of its levels.

You collected 120 gold pieces.
You spent 24 gold pieces at shops.

Inventory:

Hand Weapons
 a - a +0 war axe (weapon)
Armour
 b - a +0 scale mail (worn)
 c - a +0 buckler (worn)
 q - a +0 pair of gloves (worn)
Jewellery
 e - a ring of protection from cold (left hand)
Wands
 p - a wand of paralysis (6)
Scrolls
 f - a scroll of enchant weapon {unknown}
 i - a scroll of magic mapping {unknown}
 l - a scroll of amnesia {unknown}
 m - a scroll of poison {unknown}
 o - 2 scrolls of teleportation
 s - a scroll of enchant armour {unknown}
Potions
 g - 2 potions of curing
 h - a potion of haste
 k - a potion of heal wounds
 r - a potion of flight
 t - a potion of mutation {unknown}
 u - a potion of lignification {unknown}


   Skills:
 + Level 4.8 Fighting
 + Level 4.8 Axes
 + Level 5.1 Armour
 + Level 1.6 Dodging
 + Level 0.5 Stealth
 + Level 4.4 Shields


You had 5 spell levels left.
You didn't know any spells.
Your spell library contained the following spells:

 Spells                   Type           Power      Damage    Failure   Level
 Blink                    Tloc           0%         N/A       93%         2
 Lesser Beckoning         Tloc           0%         N/A       93%         2
 Momentum Strike          Conj/Tloc      0%         3d8       93%         2
 Olgreb's Toxic Radiance  Pois           0%         N/A       100%        4
 Discord                  Hex            0%         N/A       100%        8
 Ignition                 Fire           0%         3d3       100%        8


Dungeon Overview and Level Annotations

Branches:
Dungeon (4/15)
 Temple: D:4-7

Altars:
Makhleb
Okawaru
Sif Muna
Xom

Shops:
D:2 ?=

Annotations:
D:4 Edmund


Innate Abilities, Weirdness & Mutations

You have a pair of horns on your head.
You reflexively headbutt those who attack you in melee.


Message History

You barely miss Edmund. Your headbutt misses Edmund.
Edmund is lightly wounded.
Edmund hits you with a +3 dire flail of holy wrath!
You barely miss Edmund.
Edmund is lightly wounded.
Edmund hits you with a +3 dire flail of holy wrath!
You block Edmund's attack.
You hit Edmund. Your headbutt misses Edmund.
Edmund is lightly wounded.
Edmund barely misses you. You furiously retaliate!
You headbutt Edmund. You completely miss Edmund.
Edmund is lightly wounded.
Edmund says, "Everyone always remembers my brother. 'Who's Edmund?' they ask!"
Edmund hits you with a +3 dire flail of holy wrath!
* * * LOW HITPOINT WARNING * * *
You feel much better.
Edmund hits you with a +3 dire flail of holy wrath.
Okay, then.
You closely miss Edmund.
Edmund is lightly wounded.
Edmund barely misses you. You block Edmund's attack.
You barely miss Edmund.
Edmund is lightly wounded.
Edmund hits you with a +3 dire flail of holy wrath.
You closely miss Edmund. You headbutt Edmund, but do no damage.
Edmund is lightly wounded.
Edmund hits you with a +3 dire flail of holy wrath!
* * * LOW HITPOINT WARNING * * *
You feel very mighty all of a sudden.
Edmund hits you with a +3 dire flail of holy wrath.
* * * LOW HITPOINT WARNING * * *
You slice Edmund!!
Edmund is heavily wounded.
Edmund hits you with a +3 dire flail of holy wrath!
* * * LOW HITPOINT WARNING * * *
You closely miss Edmund.
Edmund is heavily wounded.
Edmund barely misses you. You furiously retaliate!
You headbutt Edmund.
Edmund hits you with a +3 dire flail of holy wrath!
You die...

# . #. #####
####.#### ##...##
........#####.....#
#....[.........#
####.#####.....#
#.# ##...## #@#
##.## #@# #.# #.#
#.# #.# #.# #(#
###.# #.# #...# #.#
#.### #.# #.# #.#


You could see Edmund.

Vanquished Creatures
  Sigmund (D:2)
  Jessica (D:3)
  Robin (D:2)
  3 adders
  4 dart slugs
  5 orcs (D:3)
  9 ball pythons
  8 endoplasms
  3 giant cockroaches
  8 goblins
  7 hobgoblins
  3 kobolds
  4 bats
  2 frilled lizards (D:3)
  2 rats
61 creatures vanquished.

Notes
Turn   | Place    | Note
-------+----------+-------------------------------------------
     0 | D:1      | Babbit the Minotaur Fighter began the quest for the Orb.
     0 | D:1      | Reached XP level 1. HP: 19/19 MP: 0/0
   181 | D:1      | Reached XP level 2. HP: 26/27 MP: 1/1
   255 | D:1      | Reached skill level 4 in Armour
   788 | D:2      | Noticed Sigmund
   803 | D:2      | Killed Sigmund
   804 | D:2      | Reached skill level 5 in Armour
   804 | D:2      | Reached XP level 3. HP: 21/34 MP: 2/2
   804 | D:2      | Reached XP level 4. HP: 26/41 MP: 3/3
   804 | D:2      | Reached XP level 5. HP: 30/47 MP: 4/4
   874 | D:2      | Found a shimmering altar of Xom.
   894 | D:2      | Reached skill level 1 in Dodging
   924 | D:2      | Noticed Robin
   931 | D:2      | Killed Robin
   940 | D:2      | Identified the +0 spear of Mulaig {venom, *Rage rElec
                  | Int+5}
  1024 | D:2      | Found a faded altar of an unknown god.
  1036 | D:2      | Found Ativous's Jewellery Shop.
  1143 | D:2      | Found Rujy's Magic Scroll Shoppe.
  1146 | D:2      | Bought a scroll of identify for 24 gold pieces
  1287 | D:3      | Found a burning altar of Makhleb.
  1376 | D:3      | Found a shimmering blue altar of Sif Muna.
  1426 | D:3      | Found an iron altar of Okawaru.
  1454 | D:3      | Became a worshipper of Warmaster Okawaru
  1525 | D:3      | Reached XP level 6. HP: 55/55 MP: 5/5
  1540 | D:3      | Noticed Jessica
  1552 | D:3      | Killed Jessica
  2168 | D:4      | Noticed Edmund
  2184 | D:4      | Mangled by Edmund

Illustrated notes

Levels and vault maps discovered:
D:1:      saegor_arrival_simple_c, layout_rooms, columned_hall_lemuel,
          chequers_serial_rivers_micro_c, grunt_decor_mini_mirrors,
          minmay_crystal_room, chequers_arboretum
D:2:      layout_rooms, ebering_ecumenical_altar_webs, serial_shops, shop, shop,
          basic_altar, uniq_sigmund, uniq_robin
D:3:      layout_basic, mainiacjoe_overflow_small_starburst,
          mainiacjoe_overflow_24_doors, mainiacjoe_overflow_cross_hatched,
          minmay_increasing_density, uniq_jessica
D:4:      layout_loops_ring, minmay_manual_mess, uniq_natasha, uniq_edmund

Skill      XL: |  1  2  3  4  5 |
---------------+----------------+-----
Armour         | 5 |  5.1
Fighting       | 4 |  4.8
Axes           | 4 |  4.8
Shields        | 4 |  4.4
Dodging        | 1 |  1.6
Stealth        | |  0.5

Action                     |  1- 3 |  4- 6 || total
---------------------------+-------+-------++-------
  Melee: War axe           |    40 |    75 ||   115
         Headbutt          |     4 |    10 ||    14
    Use: Scroll            |       |     6 ||     6
         Potion            |       |     2 ||     2
 Armour: Scale mail        |    26 |    37 ||    63
  Dodge: Dodged            |    17 |    37 ||    54
  Block: Buckler           |     5 |    18 ||    23
